Map: Abyssal Reef LE

Players

Kyoto - Winner!

  • Race: Protoss Protoss
  • League: Master
  • Spawn Location: 5:00

thermyFan

  • Race: Terran Terran
  • League: Master
  • Spawn Location: 11:00

VOD

Have the link to the VOD?

Description

Time

  • Played on: Nov. 21, 2017, 2:13 p.m.
  • Length: 6:40
Show
View Real Time Build Order
Export as new Build Order

Kyoto Protoss - Winner!

Build Orders:  

Get SALT Encoding   

  12  0:00  Probe  
  13  0:13  Probe  
  14  0:17  Pylon  
  14  0:25  Probe  
  15  0:36  Gateway  
  15  0:38  Probe (Chrono Boost)  
  16  0:48  Assimilator  
  17  0:50  Probe (Chrono Boost)  
  17  0:52  Probe (Chrono Boost)  
  18  1:04  Assimilator, Probe  
  18  1:07  Assimilator  
  19  1:16  Probe  
  20  1:23  Cybernetics Core  
  20  1:28  Probe  
  20  1:32  Pylon  
  21  1:40  Probe  
  22  1:52  Probe  
  23  2:04  Robotics Facility  
  23  2:10  Robotics Facility  
  23  2:16  Adept  
  25  2:26  Pylon  
  25  2:27  Warp Gate  
  29  3:02  Immortal x2 (Chrono Boost)  
  33  3:18  Pylon  
  33  3:24  Warp Prism (Chrono Boost)  
  35  3:28  Observer  
  34  4:01  Immortal  
  34  4:02  Immortal  
  42  4:09  Pylon  
  42  4:10  Observer  
  42  4:30  Pylon  
  42  4:42  Immortal  
  46  4:46  Immortal  
  46  4:51  Shield Battery  
  50  4:58  Shield Battery  
  50  5:21  Immortal  
  54  5:30  Immortal  
  54  5:31  Sentry  
  60  6:00  Sentry  
  62  6:07  Pylon  
  58  6:32  Stalker  
Show
View Real Time Build Order
Export as new Build Order

thermyFan Terran 

Build Orders:  

Get SALT Encoding   

  12  0:00  SCV  
  13  0:13  SCV  
  14  0:18  Supply Depot  
  14  0:25  SCV  
  15  0:40  SCV, Barracks  
  16  0:45  Refinery  
  16  0:52  SCV  
  17  1:04  SCV  
  18  1:16  SCV  
  19  1:28  Orbital Command  
  19  1:30  Barracks Reactor  
  19  1:44  Command Center  
  19  1:56  SCV  
  19  1:58  Supply Depot  
  20  2:07  Marine  
  21  2:09  Bunker, Marine  
  21  2:14  SCV  
  23  2:21  Barracks  
  23  2:27  SCV  
  23  2:28  Marine x2  
  26  2:39  SCV  
  26  2:43  Engineering Bay  
  27  2:49  Barracks  
  27  2:52  Marine x2  
  27  2:56  SCV  
  29  3:03  Orbital Command  
  29  3:08  SCV  
  29  3:12  Bunker  
  30  3:13  Barracks Tech Lab  
  30  3:14  Marine x2  
  31  3:20  SCV  
  32  3:29  SCV  
  32  3:32  Marine x2  
  34  3:36  Marine x2  
  34  3:38  Stimpack  
  33  3:50  Bunker, Marine x2  
  30  3:56  Marine x2  
  30  3:57  SCV  
  30  4:01  SCV  
  31  4:08  Marine x2  
  33  4:11  SCV  
  33  4:12  Bunker  
  33  4:14  Marauder  
  35  4:18  Marine  
  36  4:25  Marine  
  36  4:26  Marine  
  36  4:27  SCV  
  39  4:32  Orbital Command  
  39  4:35  Marine  
  39  4:36  Marine  
  39  4:37  Factory  
  40  4:45  Marine  
  40  4:46  SCV  
  40  4:48  Marine  
  43  4:53  Marauder  
  43  4:56  Marine  
  46  5:03  Supply Depot  
  46  5:04  SCV x2  
  46  5:05  Marine  
  49  5:14  Marine  
  49  5:16  SCV  
  51  5:22  Marauder, Marine  
  51  5:27  Factory Tech Lab  
  54  5:31  Marine  
  55  5:41  Supply Depot  
  46  6:03  Marauder, Siege Tank, Marine  
  50  6:11  SCV  
  45  6:21  Marine  
Tags
 
Add a new tag
Caveats
  • Supply blocks, unpowered buildings, or Contaminate may cause inaccurate times.
  • Supply counts are checked every 10 seconds.